 Dungeon Crawl Stone Soup version 0.28-a0-1506-g3893175d92 (webtiles) character file.

Game seed: 18067038396264451562

19 croobank the Insei (level 2, -2/18 HPs)
             Began as an Octopode Transmuter on Jan 13, 2022.
             Slain by an adder (3 damage)
             ... on level 2 of the Dungeon.
             The game lasted 00:03:35 (1754 turns).

croobank the Insei (Octopode Transmuter)            Turns: 1754, Time: 00:03:38

Health: -2/18      AC:  1    Str:  9    XL:     2   Next: 75%
Magic:  5/5        EV: 13    Int: 15    God:
Gold:   42         SH:  0    Dex: 12    Spells: 4/5 levels left

rFire   . . .      SeeInvis .   a - staff of conjuration
rCold   . . .      Faith    .   (no shield)
rNeg    . . .      Spirit   .   (helmet restricted)
rPois   .          Reflect  .   (no amulet)
rElec   .          Harm     .   (no ring)
rCorr   .          Rampage  .   (no ring)
Will    .....                   (no ring)
Stlth   ++........              (no ring)
HPRegen 0.06/turn               (no ring)
MPRegen 0.09/turn               (no ring)
                                (no ring)
                                (no ring)

@: no status effects
A: almost no armour, amphibious, 8 rings, camouflage 1, gelatinous body 1,
(nimble swimmer 1), tentacles
a: no special abilities


You were on level 2 of the Dungeon.
You visited 1 branch of the dungeon, and saw 2 of its levels.

You collected 42 gold pieces.

Inventory:

Hand Weapons
 b - a +0 hunting sling
Missiles
 e - 46 stones
 f - 2 poisoned darts
Magical Staves
 a - a staff of conjuration (weapon)
Scrolls
 c - 2 scrolls of identify {unknown}
 d - a scroll of summoning {unknown}
 g - a scroll of enchant weapon {unknown}


   Skills:
 + Level 1.4 Fighting
 + Level 2.2 Dodging
 + Level 3.1 Unarmed Combat
 + Level 2.1 Spellcasting
 + Level 0.5 Hexes
 + Level 2.2 Transmutations


You had 4 spell levels left.
You knew the following spells:

 Your Spells              Type           Power      Damage    Failure   Level
a - Beastly Appendage     Tmut           16%        N/A       9%          1

Your spell library contained the following spells:

 Spells                   Type           Power      Damage    Failure   Level
 Wereblood                Tmut           8%         N/A       13%         2
 Slow                     Hex            12%        N/A       17%         1
 Spider Form              Tmut/Pois      4%         N/A       38%         3
 Confusing Touch          Hex            3%         N/A       45%         3
 Vampiric Draining        Necr           1%         2d6       54%         3
 Ice Form                 Ice/Tmut       4%         N/A       80%         4


Dungeon Overview and Level Annotations

Branches:
Dungeon (2/15)

Altars:


Innate Abilities, Weirdness & Mutations

You cannot wear most types of armour.
You are amphibious.
You can wear up to eight rings at the same time.
Your skin changes colour to match your surroundings (Stealth+).
Your rubbery body absorbs attacks. (AC +1, EV +1)
((You are camouflaged when in or above water. (Stealth+)))
You have tentacles for arms and can constrict up to eight enemies at once.


Message History

There is a stone staircase leading up here.
Found 2 poisoned darts.
You see here 2 poisoned darts.
f - 2 poisoned darts As you open the door, it creaks loudly!
A hobgoblin comes into view.
Casting: Beastly Appendage (safe; 9% risk of failure)
Confirm with . or Enter, or press ? or * to list all spells.
One of your tentacles grows a vicious spike.
Found 13 stones.
There is an open door here.
An adder comes into view.
The hobgoblin misses you.
The adder hisses angrily.
You hit the hobgoblin. Your grab misses the hobgoblin.
Your squeeze misses the hobgoblin.
The hobgoblin is heavily wounded.
Your transformation is almost over.
The hobgoblin hits you.
You hit the hobgoblin but do no damage. You grab the hobgoblin.
You pierce the hobgoblin.
You kill the hobgoblin!
You see here a hobgoblin corpse.
The adder bites you. The adder bites you.
Found a stone staircase leading down.
You hit the adder but do no damage. You grab the adder.
You constrict the adder. The adder bites you.
* * * LOW HITPOINT WARNING * * *
The adder misses you.
You hit the adder but do no damage.
You pierce the adder.
The adder is moderately wounded.
You constrict the adder. The adder barely misses you.
You completely miss the adder.
The adder is moderately wounded.
Your tentacle spike disappears.
You constrict the adder. The adder bites you.
* * * LOW HITPOINT WARNING * * *
The adder bites you.
You die...

........>.#
..........#
..........#
..........#
..........# .#
..........# .#
..........###.####
.......@..........
######.S.......#
#.........#
#......(..#
#...†.....#
#.........#
###'####### #.#
####### #.#
#......


You could see an adder.

Vanquished Creatures
  2 ball pythons (D:1)
  3 endoplasms (D:1)
  3 goblins (D:1)
  5 hobgoblins
  A kobold (D:1)
  A quokka (D:1)
15 creatures vanquished.

Notes
Turn   | Place    | Note
-------+----------+-------------------------------------------
     0 | D:1      | croobank the Octopode Transmuter began the quest for the
                  | Orb.
     0 | D:1      | Reached XP level 1. HP: 13/13 MP: 3/3
   529 | D:1      | Reached XP level 2. HP: 7/18 MP: 3/5
  1018 | D:1      | HP: 1/27 [goblin (1)]
  1754 | D:2      | Slain by an adder

Illustrated notes

Levels and vault maps discovered:
D:1:      lightli_arrival_noodles, layout_basic, st_stairs_12
D:2:      layout_basic, uniq_crazy_yiuf_cottage, uniq_jessica

Action                   || total
-------------------------++-------
Melee: Unarmed           ||    19
       Kick              ||    15
       Constrict         ||     9
       Tentacles         ||     3
       Staff             ||    31
       Punch             ||     1
 Cast: Beastly Appendage ||    12
  Use: Potion            ||     1
 Stab: Sleeping          ||     1
Armor: Skin              ||    12
Dodge: Dodged            ||    13

Table legend: (Time is in decaauts)
 A = Elapsed time spent in this place.
 B = Non-inter-level travel time spent in this place.
 C = Inter-level travel time spent in this place.
 D = Time resting spent in this place.
 E = Time spent auto-exploring this place.
 F = Levels seen in this place.
 G = Mean time per level.
                   A        B        C        D        E       F      G
               +--------+--------+--------+--------+--------+-----+--------+
         Total |   1757 |   1753 |      4 |    240 |   1320 |   2 |  878.5 |
       Dungeon |   1757 |   1753 |      4 |    240 |   1320 |   2 |  878.5 |
               +--------+--------+--------+--------+--------+-----+--------+

Top non-repeatable levels by time:
     D:1: 1681 daAuts
     D:2: 75 daAuts
